 Dungeon Crawl Stone Soup version 0.22.1-2-g9c5b331 (webtiles) character file.

215 Lilu the Conjurer (level 5, -1/28 HPs)
             Began as a Deep Elf Conjurer on Nov 26, 2018.
             Killed from afar by Ijyb (13 damage)
             ... with a wand of acid (13)
             ... on level 4 of the Dungeon.
             The game lasted 00:09:39 (4143 turns).

Lilu the Conjurer (Deep Elf Conjurer)               Turns: 4143, Time: 00:09:39

Health: -1/28      AC:  4    Str:  5    XL:     5   Next: 60%
Magic:  9/14       EV: 12    Int: 21    God:
Gold:   170        SH:  0    Dex: 15    Spells: 7/14 levels left

rFire    x . .     SeeInvis .   w - -1 war axe (curse)
rCold    + . .     Gourm    .   (no shield)
rNeg     . . .     Faith    .   h - +0 leather armour (curse)
rPois    .         Spirit   .   (no helmet)
rElec    .         Reflect  .   o - +0 cloak
rCorr    .         Harm     .   (no gloves)
MR       .....                  (no boots)
Stlth    ++........             (no amulet)
HPRegen  0.09/turn              k - ring of ice
MPRegen  0.14/turn              (no ring)

@: no status effects
A: no striking features
a: no special abilities


You were on level 4 of the Dungeon.
You were not hungry.

You visited 1 branch of the dungeon, and saw 4 of its levels.

You collected 170 gold pieces.

Inventory:

Hand Weapons
 i - a +0 club
 w - a cursed -1 war axe (weapon)
Missiles
 j - 4 curare-tipped needles
Armour
 h - a cursed +0 leather armour (worn)
 o - a +0 cloak (worn)
Jewellery
 k - a ring of ice (left hand)
Scrolls
 b - 2 scrolls of noise {unknown}
 d - a scroll of fear {unknown}
 e - a scroll of enchant armour {unknown}
 f - 4 scrolls of remove curse {unknown}
 g - 2 scrolls of amnesia {unknown}
 l - 2 scrolls of identify {unknown}
 m - 2 scrolls of magic mapping {unknown}
 s - a scroll of fog {unknown}
Potions
 a - a potion of lignification {unknown}
 n - a potion of magic {unknown}
 p - a potion of invisibility {unknown}
 q - a potion of curing {unknown}
 r - a potion of degeneration {unknown}
 t - a potion of might {unknown}
 u - a potion of flight {unknown}
Comestibles
 c - 7 rations
 v - 3 chunks of flesh


   Skills:
 - Level 2.4 Dodging
 - Level 2.4 Stealth
 + Level 5.4 Spellcasting
 * Level 6.6 Conjurations


You had 7 spell levels left.
You knew the following spells:

 Your Spells              Type           Power        Failure   Level  Hunger
a - Magic Dart            Conj           ####         1%          1    None
b - Searing Ray           Conj           ####..       1%          2    None
c - Iskenderun's Mystic   Conj           ####....     12%         4    ####...

Your spell library contained the following spells:

 Spells                   Type           Power        Failure   Level  Hunger
 Dazzling Spray           Conj/Hex       ###...       14%         3    ##.....
 Force Lance              Conj/Tloc      ###.....     41%         4    ####...
 Fulminant Prism          Conj/Hex       ###.......   41%         4    ####...


Dungeon Overview and Level Annotations

Branches:
Dungeon (4/15)
 Temple: D:4-7

Altars:
Qazlal

Shops:
D:4 *

Annotations:
D:4 Ijyb


Message History

You are splashed with acid!
The acid burns!
It is a wand of acid (13).
Casting: Magic Dart (safe; 1% risk of failure)
Confirm with . or Enter, or press ? or * to list all spells.
Aiming: Searing Ray (safe; 1% risk of failure)
Press: ? - help, Shift-Dir - straight line, f - Ijyb
Aim: Ijyb, wielding a club, wearing a scale mail and carrying a wand of acid The searing ray hits Ijyb.
Ijyb is lightly wounded. (Press . to maintain the ray.) Ijyb screams, "Me kill you!"
Ijyb hits you but does no damage.
The searing ray hits Ijyb.
Ijyb is lightly wounded.
Ijyb closely misses you.
The searing ray misses Ijyb.
Ijyb hits you but does no damage.
The searing ray hits Ijyb.
Ijyb is lightly wounded.
You finish channeling your searing ray.
Ijyb zaps a wand.
The bolt of acid hits you!
You die...

#... #... ##... +..
..... #.. #... #...
#... #...##### #...
#......g# #. ...#
#..[#..@####...
#.....8.#..#.#. ###
#.####.##...... #.. #
#.8.∩.8..#.# #..
#.#..........# #..
#.....8..#.###. #..
####.....<..... ....
###.################..
#...#.............##..


You could see Ijyb.

Vanquished Creatures
  Natasha (thrice) (D:2)
  7 adders
  A worm (D:3)
  A dart slug (D:3)
  3 leopard geckos
  7 orcs
  4 giant cockroaches
  3 hobgoblins
  6 jackals
  13 kobolds
  A quokka (D:2)
  6 bats
  2 frilled lizards
  4 goblins
  A leopard gecko skeleton (D:4)
  4 rats
66 creatures vanquished.

Vanquished Creatures (others)
  4 fungi (D:3)
4 creatures vanquished.

Grand Total: 70 creatures vanquished

Notes
Turn   | Place    | Note
-------+----------+-------------------------------------------
     0 | D:1      | Lilu the Deep Elf Conjurer began the quest for the Orb.
     0 | D:1      | Reached XP level 1. HP: 10/10 MP: 6/6
   490 | D:1      | Reached XP level 2. HP: 15/15 MP: 5/8
   494 | D:1      | Learned a level 2 spell: Searing Ray
  1484 | D:2      | Reached skill level 5 in Conjurations
  1484 | D:2      | Reached XP level 3. HP: 19/19 MP: 6/10
  1549 | D:2      | Noticed Natasha
  1561 | D:2      | Killed Natasha
  1899 | D:2      | Noticed Natasha
  1907 | D:2      | Killed Natasha
  1907 | D:2      | Reached XP level 4. HP: 18/24 MP: 1/12
  2038 | D:2      | Noticed Natasha
  2042 | D:2      | Killed Natasha
  2201 | D:3      | Reached skill level 6 in Conjurations
  2263 | D:3      | Reached skill level 5 in Spellcasting
  2263 | D:3      | Reached XP level 5. HP: 28/28 MP: 9/14
  2275 | D:3      | Learned a level 4 spell: Iskenderun's Mystic Blast
  3059 | D:3      | Found a stormy altar of Qazlal.
  3593 | D:3      | Found a stormy altar of Qazlal.
  4107 | D:4      | Found Zaigeog's Assorted Antiques.
  4109 | D:4      | Noticed Ijyb
  4143 | D:4      | Killed from afar by Ijyb

Skill      XL: |  1  2  3  4 |
---------------+-------------+-----
Spellcasting   | 4 5 |  5.4
Conjurations   | 5 6 |  6.6
Dodging        | |  2.4
Stealth        | |  2.4

Action                   |  1- 3 |  4- 6 || total
-------------------------+-------+-------++-------
Melee: War axe           |       |     8 ||     8
 Cast: Magic Dart        |    42 |    68 ||   110
       Searing Ray       |     4 |     9 ||    13
 Stab: Sleeping          |       |     1 ||     1
  Eat: Chunk             |     2 |     8 ||    10
Armor: Leather armour    |     2 |     9 ||    11
Dodge: Dodged            |    11 |    20 ||    31
